AoeStats
← fbouser

Arena

509244552Analyzed
2v2 RM · 7d ago on Sep 26, 2026· 47m 29s· 4 players
Game mode
Random Map
Map size
Medium (4 player)
Population
200
Speed
Normal
Resources
Standard
Victory
Conquest
Starting age
Dark Age
Ending age
Imperial Age
RankedLock teamsTeams togetherTeam positionsShared explorationLock speedFull tech treeHidden civsTurbo modeCheats
Victory
Defeat
🇲🇽 Vikings · Mexico
963
+16
🇲🇽 Mongols · Mexico
950
+16
🇦🇷 Goths · Argentina
996
-18
🇦🇷 Bengalis · Argentina
915
-14
CaroDaddy
2:57 Loom
10:50 Feudal Age
12:26 Double-Bit Axe
12:45 Horse Collar
19:05 Castle Age
20:23 Wheelbarrow
19:33 Town Watch
19:45 Fletching
20:10 Bow Saw
20:18 Heavy Plow
20:33 Gold Mining
20:50 Stone Mining
24:57 Hand Cart
26:40 Bodkin Arrow
32:07 Imperial Age
30:21 Paiks
31:45 Padded Archer Armor
32:01 Scale Barding Armor
31:57 Scale Mail Armor
32:29 Husbandry
32:40 Bloodlines
33:14 Murder Holes
37:00 Elite Battle Elephant
40:01 Crop Rotation
39:22 Elite Elephant Archer
fbouser
2:27 Loom
11:13 Feudal Age
13:04 Double-Bit Axe
16:53 Castle Age
15:40 Horse Collar
16:09 Fletching
16:19 Scale Mail Armor
21:09 Chain Mail Armor
21:22 Stone Mining
24:05 Wheelbarrow
24:13 Bodkin Arrow
24:29 Forging
24:52 Man-at-Arms
25:37 Squires
27:44 Hand Cart
28:26 Gold Mining
32:17 Imperial Age
30:45 Anarchy
31:24 Iron Casting
32:32 Town Watch
34:46 Blast Furnace
35:12 Conscription
37:27 Pikeman
38:25 Halberdier
40:17 Perfusion
46:29 Heavy Plow
Salgt27
8:51 Loom
11:23 Feudal Age
13:08 Loom
15:43 Castle Age
14:41 Stone Mining
14:37 Double-Bit Axe
14:33 Horse Collar
17:30 Bow Saw
17:21 Heavy Plow
17:30 Loom
30:13 Imperial Age
28:41 Forging
28:27 Gold Mining
30:18 Iron Casting
29:43 Scale Mail Armor
29:47 Chieftains
29:13 Pikeman
29:54 Squires
29:50 Town Watch
30:49 Elite Skirmisher
31:22 Fletching
32:07 Chain Mail Armor
32:23 Bodkin Arrow
33:41 Ballistics
35:03 Plate Mail Armor
35:39 Bracer
37:44 Chemistry
36:45 Padded Archer Armor
39:42 Conscription
40:15 Leather Archer Armor
41:00 Blast Furnace
39:52 Elite Berserk
carlos_lb
10:29 Feudal Age
15:47 Castle Age
14:09 Double-Bit Axe
21:03 Horse Collar
22:20 Stone Mining
24:03 Fletching
24:48 Gold Mining
24:56 Loom
28:13 Wheelbarrow
28:40 Heavy Plow
28:52 Bow Saw
33:54 Imperial Age
34:00 Scale Barding Armor
34:13 Forging
34:39 Fortified Wall
34:50 Ballistics
35:13 Bloodlines
34:24 Cavalier
36:05 Chain Barding Armor
37:55 Man-at-Arms
37:59 Cavalier
38:29 Light Cavalry
40:52 Chemistry
42:05 Hand Cart
43:10 Long Swordsman
44:18 Elite Skirmisher
44:41 Hussar
45:24 Two-Handed Swordsman
46:52 Champion
Connection lost

Rejoining the realm…

Still unreachable

The connection could not be restored.

Session expired

The server has moved on; the page needs a fresh start.